Workbook

Sheet Dashboard
B2: INDUSTRIAL ENGINEERING PROJECT
B3: Resale Supply Chain & Inventory Analytics
B4: Depop vintage clothing business | 554 items sold, Mar 10 - Jun 9, 2026 | Elija Peters, Purdue Industrial Engineering
B6: =Analysis!B19 -> 554 | F6: =Analysis!B21 -> 7038.06 | J6: ='Inputs & Policy'!B17 -> 6.0217391 | N6: =Analysis!B31 -> 4 | R6: =Analysis!B30 -> 0.60796395 | V6: ='Inputs & Policy'!B24 -> 90
B8: Items sold | F8: Item sales | J8: Units / day | N8: Median time to sell | R8: Est. gross margin | V8: Reorder point (units)
B9: =Analysis!B20&" orders" -> 523 orders | F9: ="$"&TEXT(Analysis!B22,"0.00")&" avg price" -> $12.70 avg price | J9: ="SD "&TEXT('Inputs & Policy'!B18,"0.0") -> SD 3.1 | N9: =TEXT(Analysis!B32,"0%")&" sold within 7 days" -> 64% sold within 7 days | R9: ="$"&TEXT('Inputs & Policy'!B15,"0.00")&" landed cost/item" -> $2.67 landed cost/item | V9: ="Safety stock "&TEXT('Inputs & Policy'!B23,"0") -> Safety stock 26
J47: Key findings
J49: ="- Demand averaged "&TEXT('Inputs & Policy'!B17,"0.0")&" items/day (SD "&TEXT('Inputs & Policy'!B18,"0.0")&"), peaking at "&Analysis!B34&" in a single day." -> - Demand averaged 6.0 items/day (SD 3.1), peaking at 14 in a single day.
J51: ="- "&TEXT(Analysis!B32,"0%")&" of items sold within a week of listing; "&TEXT(Analysis!B33,"0%")&" sat over 30 days (aging stock to discount)." -> - 64% of items sold within a week of listing; 10% sat over 30 days (aging stock to discount).
J53: ="- Tops are "&TEXT(Analysis!D5,"0%")&" of volume, so sourcing lots should stay tops-heavy." -> - Tops are 85% of volume, so sourcing lots should stay tops-heavy.
J55: ="- 7-day moving average cut forecast error "&TEXT('Daily Demand'!G99,"0%")&" vs. a naive yesterday forecast." -> - 7-day moving average cut forecast error 13% vs. a naive yesterday forecast.
J57: ="- Reorder a 100-pc lot when sellable stock hits "&'Inputs & Policy'!B24&" units (95% service, 7-14 day lead time)." -> - Reorder a 100-pc lot when sellable stock hits 90 units (95% service, 7-14 day lead time).
J59: ="- Landed cost is $"&TEXT('Inputs & Policy'!B15,"0.00")&"/item vs. $"&TEXT(Analysis!B22,"0.00")&" avg sale price." -> - Landed cost is $2.67/item vs. $12.70 avg sale price.
B64: Margin is an estimate: net item proceeds (after payment fees, boost fees and refunds) minus reported landed cost; excludes labor and packaging.

Sheet Inputs & Policy
A1: Inputs & Reorder Policy
A2: Blue cells are inputs - change them and every calculation and the Dashboard update.
A4: Supplier & operating inputs | B4: Value | C4: Source / note
A5: Bulk lot cost ($) | B5: 250 | C5: Owner-reported typical lot price
A6: Inbound freight per lot ($) | B6: 7.99 | C6: Owner-reported
A7: Pieces per lot | B7: 100 | C7: Owner-reported
A8: Rejected pieces per lot (QC) | B8: 3.5 | C8: Owner-reported 3-4 rejects per 100, midpoint used
A9: Min supplier lead time (days) | B9: 7 | C9: Owner-reported
A10: Max supplier lead time (days) | B10: 14 | C10: Owner-reported
A11: Target cycle service level | B11: 0.95 | C11: Policy choice: probability of no stockout during a lead time
A13: Calculated | B13: Value | C13: Formula
A14: Sellable pieces per lot | B14: =B7-B8 -> 96.5 | C14: pieces - rejects
A15: Landed cost per sellable item ($) | B15: =(B5+B6)/B14 -> 2.6734715 | C15: (lot cost + freight) / sellable pieces
A16: QC yield | B16: =B14/B7 -> 0.965 | C16: sellable / purchased
A17: Avg daily demand, d (units/day) | B17: =AVERAGE('Daily Demand'!B5:B96) -> 6.0217391 | C17: mean of daily units sold
A18: Daily demand std dev, sd_d | B18: =STDEV('Daily Demand'!B5:B96) -> 3.1342779 | C18: sample SD of daily units
A19: Mean lead time, L (days) | B19: =(B9+B10)/2 -> 10.5 | C19: uniform 7-14 days assumption
A20: Lead time std dev, sd_L (days) | B20: =(B10-B9)/SQRT(12) -> 2.0207259 | C20: SD of a uniform distribution
A21: z-score for service level | B21: =NORMSINV(B11) -> 1.6448536 | C21: standard normal quantile
A22: Expected demand during lead time | B22: =B17*B19 -> 63.228261 | C22: d x L
A23: Safety stock (variable lead time) | B23: =B21*SQRT(B19*B18^2+B17^2*B20^2) -> 26.070591 | C23: z x sqrt(L sd_d^2 + d^2 sd_L^2)
A24: REORDER POINT - recommended (units) | B24: =ROUNDUP(B22+B23,0) -> 90 | C24: lead-time demand + safety stock
A25: Reorder point - conservative (fixed 14-day lead) | B25: =ROUNDUP(B17*B10+B21*B18*SQRT(B10),0) -> 104 | C25: d x Lmax + z x sd_d x sqrt(Lmax)
A26: Expected demand per 14-day buying cycle | B26: =B17*14 -> 84.304348 | C26: d x 14
A27: Lots needed per 14-day cycle | B27: =B26/B14 -> 0.87362018 | C27: cycle demand / sellable per lot
A28: Inventory cost of demand per month ($) | B28: =B17*30*B15 -> 482.96844 | C28: d x 30 x landed cost
A30: How to use: when on-hand sellable inventory (listed + backroom) falls to the reorder point, place the next bulk order.

Sheet Daily Demand
A1: Daily Demand & Forecast Test
A2: Units and sales per calendar day (zero-sale days included). Forecast = prior 7-day average vs. naive (yesterday).
A4: Date | B4: Units sold | C4: Item sales ($) | D4: 7-day moving avg | E4: 7-day MA forecast | F4: Naive forecast | G4: MA abs error | H4: Naive abs error
A5: 46091 | B5: =COUNTIF('Sales Data'!$A$5:$A$558,A5) -> 4 | C5: =SUMIF('Sales Data'!$A$5:$A$558,A5,'Sales Data'!$J$5:$J$558) -> 45.8
A6: 46092 | B6: =COUNTIF('Sales Data'!$A$5:$A$558,A6) -> 12 | C6: =SUMIF('Sales Data'!$A$5:$A$558,A6,'Sales Data'!$J$5:$J$558) -> 134.35
A7: 46093 | B7: =COUNTIF('Sales Data'!$A$5:$A$558,A7) -> 4 | C7: =SUMIF('Sales Data'!$A$5:$A$558,A7,'Sales Data'!$J$5:$J$558) -> 50.49
A8: 46094 | B8: =COUNTIF('Sales Data'!$A$5:$A$558,A8) -> 8 | C8: =SUMIF('Sales Data'!$A$5:$A$558,A8,'Sales Data'!$J$5:$J$558) -> 86.8
A9: 46095 | B9: =COUNTIF('Sales Data'!$A$5:$A$558,A9) -> 4 | C9: =SUMIF('Sales Data'!$A$5:$A$558,A9,'Sales Data'!$J$5:$J$558) -> 61.99
A10: 46096 | B10: =COUNTIF('Sales Data'!$A$5:$A$558,A10) -> 3 | C10: =SUMIF('Sales Data'!$A$5:$A$558,A10,'Sales Data'!$J$5:$J$558) -> 38
A11: 46097 | B11: =COUNTIF('Sales Data'!$A$5:$A$558,A11) -> 2 | C11: =SUMIF('Sales Data'!$A$5:$A$558,A11,'Sales Data'!$J$5:$J$558) -> 26 | D11: =AVERAGE(B5:B11) -> 5.2857143
A12: 46098 | B12: =COUNTIF('Sales Data'!$A$5:$A$558,A12) -> 6 | C12: =SUMIF('Sales Data'!$A$5:$A$558,A12,'Sales Data'!$J$5:$J$558) -> 45.05 | D12: =AVERAGE(B6:B12) -> 5.5714286 | E12: =AVERAGE(B5:B11) -> 5.2857143 | F12: =B11 -> 2 | G12: =ABS(B12-E12) -> 0.71428571 | H12: =ABS(B12-F12) -> 4
A13: 46099 | B13: =COUNTIF('Sales Data'!$A$5:$A$558,A13) -> 4 | C13: =SUMIF('Sales Data'!$A$5:$A$558,A13,'Sales Data'!$J$5:$J$558) -> 50 | D13: =AVERAGE(B7:B13) -> 4.4285714 | E13: =AVERAGE(B6:B12) -> 5.5714286 | F13: =B12 -> 6 | G13: =ABS(B13-E13) -> 1.5714286 | H13: =ABS(B13-F13) -> 2
A14: 46100 | B14: =COUNTIF('Sales Data'!$A$5:$A$558,A14) -> 6 | C14: =SUMIF('Sales Data'!$A$5:$A$558,A14,'Sales Data'!$J$5:$J$558) -> 66.5 | D14: =AVERAGE(B8:B14) -> 4.7142857 | E14: =AVERAGE(B7:B13) -> 4.4285714 | F14: =B13 -> 4 | G14: =ABS(B14-E14) -> 1.5714286 | H14: =ABS(B14-F14) -> 2
A15: 46101 | B15: =COUNTIF('Sales Data'!$A$5:$A$558,A15) -> 5 | C15: =SUMIF('Sales Data'!$A$5:$A$558,A15,'Sales Data'!$J$5:$J$558) -> 44.5 | D15: =AVERAGE(B9:B15) -> 4.2857143 | E15: =AVERAGE(B8:B14) -> 4.7142857 | F15: =B14 -> 6 | G15: =ABS(B15-E15) -> 0.28571429 | H15: =ABS(B15-F15) -> 1
A16: 46102 | B16: =COUNTIF('Sales Data'!$A$5:$A$558,A16) -> 4 | C16: =SUMIF('Sales Data'!$A$5:$A$558,A16,'Sales Data'!$J$5:$J$558) -> 67.98 | D16: =AVERAGE(B10:B16) -> 4.2857143 | E16: =AVERAGE(B9:B15) -> 4.2857143 | F16: =B15 -> 5 | G16: =ABS(B16-E16) -> 0.28571429 | H16: =ABS(B16-F16) -> 1
A17: 46103 | B17: =COUNTIF('Sales Data'!$A$5:$A$558,A17) -> 7 | C17: =SUMIF('Sales Data'!$A$5:$A$558,A17,'Sales Data'!$J$5:$J$558) -> 79 | D17: =AVERAGE(B11:B17) -> 4.8571429 | E17: =AVERAGE(B10:B16) -> 4.2857143 | F17: =B16 -> 4 | G17: =ABS(B17-E17) -> 2.7142857 | H17: =ABS(B17-F17) -> 3
A18: 46104 | B18: =COUNTIF('Sales Data'!$A$5:$A$558,A18) -> 3 | C18: =SUMIF('Sales Data'!$A$5:$A$558,A18,'Sales Data'!$J$5:$J$558) -> 26.9 | D18: =AVERAGE(B12:B18) -> 5 | E18: =AVERAGE(B11:B17) -> 4.8571429 | F18: =B17 -> 7 | G18: =ABS(B18-E18) -> 1.8571429 | H18: =ABS(B18-F18) -> 4
A19: 46105 | B19: =COUNTIF('Sales Data'!$A$5:$A$558,A19) -> 9 | C19: =SUMIF('Sales Data'!$A$5:$A$558,A19,'Sales Data'!$J$5:$J$558) -> 107.89 | D19: =AVERAGE(B13:B19) -> 5.4285714 | E19: =AVERAGE(B12:B18) -> 5 | F19: =B18 -> 3 | G19: =ABS(B19-E19) -> 4 | H19: =ABS(B19-F19) -> 6
A20: 46106 | B20: =COUNTIF('Sales Data'!$A$5:$A$558,A20) -> 9 | C20: =SUMIF('Sales Data'!$A$5:$A$558,A20,'Sales Data'!$J$5:$J$558) -> 108.5 | D20: =AVERAGE(B14:B20) -> 6.1428571 | E20: =AVERAGE(B13:B19) -> 5.4285714 | F20: =B19 -> 9 | G20: =ABS(B20-E20) -> 3.5714286 | H20: =ABS(B20-F20) -> 0
A21: 46107 | B21: =COUNTIF('Sales Data'!$A$5:$A$558,A21) -> 11 | C21: =SUMIF('Sales Data'!$A$5:$A$558,A21,'Sales Data'!$J$5:$J$558) -> 121.89 | D21: =AVERAGE(B15:B21) -> 6.8571429 | E21: =AVERAGE(B14:B20) -> 6.1428571 | F21: =B20 -> 9 | G21: =ABS(B21-E21) -> 4.8571429 | H21: =ABS(B21-F21) -> 2
A22: 46108 | B22: =COUNTIF('Sales Data'!$A$5:$A$558,A22) -> 3 | C22: =SUMIF('Sales Data'!$A$5:$A$558,A22,'Sales Data'!$J$5:$J$558) -> 46 | D22: =AVERAGE(B16:B22) -> 6.5714286 | E22: =AVERAGE(B15:B21) -> 6.8571429 | F22: =B21 -> 11 | G22: =ABS(B22-E22) -> 3.8571429 | H22: =ABS(B22-F22) -> 8
A23: 46109 | B23: =COUNTIF('Sales Data'!$A$5:$A$558,A23) -> 14 | C23: =SUMIF('Sales Data'!$A$5:$A$558,A23,'Sales Data'!$J$5:$J$558) -> 153.25 | D23: =AVERAGE(B17:B23) -> 8 | E23: =AVERAGE(B16:B22) -> 6.5714286 | F23: =B22 -> 3 | G23: =ABS(B23-E23) -> 7.4285714 | H23: =ABS(B23-F23) -> 11
... A96: 46182 | B96: =COUNTIF('Sales Data'!$A$5:$A$558,A96) -> 3 | C96: =SUMIF('Sales Data'!$A$5:$A$558,A96,'Sales Data'!$J$5:$J$558) -> 47 | D96: =AVERAGE(B90:B96) -> 4.1428571 | E96: =AVERAGE(B89:B95) -> 4.4285714 | F96: =B95 -> 7 | G96: =ABS(B96-E96) -> 1.4285714 | H96: =ABS(B96-F96) -> 4
A98: Mean absolute error (MAE) | G98: =AVERAGE(G12:G96) -> 2.5848739 | H98: =AVERAGE(H12:H96) -> 2.9764706
A99: MA error reduction vs naive | G99: =1-G98/H98 -> 0.13156409

Sheet Analysis
A1: Analysis Tables
A2: Every figure is a live formula over Sales Data. These tables feed the Dashboard charts.
A4: Category | B4: Units | C4: Item sales ($) | D4: Share | F4: Brand (top 10 named) | G4: Units | H4: Item sales ($) | J4: Days to sell | K4: Units | L4: Share | N4: Weekday | O4: Avg units/day
A5: Tops | B5: =COUNTIF('Sales Data'!$D$5:$D$558,A5) -> 469 | C5: =SUMIF('Sales Data'!$D$5:$D$558,A5,'Sales Data'!$J$5:$J$558) -> 5826.13 | D5: =B5/SUM($B$5:$B$8) -> 0.8465704 | F5: Nike | G5: =COUNTIF('Sales Data'!$E$5:$E$558,F5) -> 52 | H5: =SUMIF('Sales Data'!$E$5:$E$558,F5,'Sales Data'!$J$5:$J$558) -> 696.08 | J5: 0-1 | K5: =COUNTIFS('Sales Data'!$C$5:$C$558,">=0",'Sales Data'!$C$5:$C$558,"<=1") -> 138 | L5: =K5/SUM($K$5:$K$11) -> 0.24909747 | N5: Mon | O5: =COUNTIF('Sales Data'!$O$5:$O$558,N5)/SUMPRODUCT(--(TEXT('Daily Demand'!$A$5:$A$96,"ddd")=N5)) -> 6
A6: Bottoms | B6: =COUNTIF('Sales Data'!$D$5:$D$558,A6) -> 60 | C6: =SUMIF('Sales Data'!$D$5:$D$558,A6,'Sales Data'!$J$5:$J$558) -> 834.24 | D6: =B6/SUM($B$5:$B$8) -> 0.10830325 | F6: Polo Ralph Lauren | G6: =COUNTIF('Sales Data'!$E$5:$E$558,F6) -> 21 | H6: =SUMIF('Sales Data'!$E$5:$E$558,F6,'Sales Data'!$J$5:$J$558) -> 266.74 | J6: 2-3 | K6: =COUNTIFS('Sales Data'!$C$5:$C$558,">=2",'Sales Data'!$C$5:$C$558,"<=3") -> 130 | L6: =K6/SUM($K$5:$K$11) -> 0.23465704 | N6: Tue | O6: =COUNTIF('Sales Data'!$O$5:$O$558,N6)/SUMPRODUCT(--(TEXT('Daily Demand'!$A$5:$A$96,"ddd")=N6)) -> 6.5714286
A7: Coats and jackets | B7: =COUNTIF('Sales Data'!$D$5:$D$558,A7) -> 24 | C7: =SUMIF('Sales Data'!$D$5:$D$558,A7,'Sales Data'!$J$5:$J$558) -> 361.69 | D7: =B7/SUM($B$5:$B$8) -> 0.0433213 | F7: Fox Racing | G7: =COUNTIF('Sales Data'!$E$5:$E$558,F7) -> 14 | H7: =SUMIF('Sales Data'!$E$5:$E$558,F7,'Sales Data'!$J$5:$J$558) -> 196 | J7: 4-7 | K7: =COUNTIFS('Sales Data'!$C$5:$C$558,">=4",'Sales Data'!$C$5:$C$558,"<=7") -> 84 | L7: =K7/SUM($K$5:$K$11) -> 0.15162455 | N7: Wed | O7: =COUNTIF('Sales Data'!$O$5:$O$558,N7)/SUMPRODUCT(--(TEXT('Daily Demand'!$A$5:$A$96,"ddd")=N7)) -> 6.9230769
A8: Accessories | B8: =COUNTIF('Sales Data'!$D$5:$D$558,A8) -> 1 | C8: =SUMIF('Sales Data'!$D$5:$D$558,A8,'Sales Data'!$J$5:$J$558) -> 16 | D8: =B8/SUM($B$5:$B$8) -> 0.0018050542 | F8: Aeropostale | G8: =COUNTIF('Sales Data'!$E$5:$E$558,F8) -> 16 | H8: =SUMIF('Sales Data'!$E$5:$E$558,F8,'Sales Data'!$J$5:$J$558) -> 192.75 | J8: 8-14 | K8: =COUNTIFS('Sales Data'!$C$5:$C$558,">=8",'Sales Data'!$C$5:$C$558,"<=14") -> 81 | L8: =K8/SUM($K$5:$K$11) -> 0.14620939 | N8: Thu | O8: =COUNTIF('Sales Data'!$O$5:$O$558,N8)/SUMPRODUCT(--(TEXT('Daily Demand'!$A$5:$A$96,"ddd")=N8)) -> 6.8461538
F9: Carhartt | G9: =COUNTIF('Sales Data'!$E$5:$E$558,F9) -> 11 | H9: =SUMIF('Sales Data'!$E$5:$E$558,F9,'Sales Data'!$J$5:$J$558) -> 186.5 | J9: 15-30 | K9: =COUNTIFS('Sales Data'!$C$5:$C$558,">=15",'Sales Data'!$C$5:$C$558,"<=30") -> 67 | L9: =K9/SUM($K$5:$K$11) -> 0.12093863 | N9: Fri | O9: =COUNTIF('Sales Data'!$O$5:$O$558,N9)/SUMPRODUCT(--(TEXT('Daily Demand'!$A$5:$A$96,"ddd")=N9)) -> 5.3846154
F10: MLB | G10: =COUNTIF('Sales Data'!$E$5:$E$558,F10) -> 16 | H10: =SUMIF('Sales Data'!$E$5:$E$558,F10,'Sales Data'!$J$5:$J$558) -> 172.5 | J10: 31-60 | K10: =COUNTIFS('Sales Data'!$C$5:$C$558,">=31",'Sales Data'!$C$5:$C$558,"<=60") -> 38 | L10: =K10/SUM($K$5:$K$11) -> 0.068592058 | N10: Sat | O10: =COUNTIF('Sales Data'!$O$5:$O$558,N10)/SUMPRODUCT(--(TEXT('Daily Demand'!$A$5:$A$96,"ddd")=N10)) -> 4.8461538
F11: Abercrombie & Fitch | G11: =COUNTIF('Sales Data'!$E$5:$E$558,F11) -> 10 | H11: =SUMIF('Sales Data'!$E$5:$E$558,F11,'Sales Data'!$J$5:$J$558) -> 161 | J11: 60+ | K11: =COUNTIFS('Sales Data'!$C$5:$C$558,">=61",'Sales Data'!$C$5:$C$558,"<=9999") -> 16 | L11: =K11/SUM($K$5:$K$11) -> 0.028880866 | N11: Sun | O11: =COUNTIF('Sales Data'!$O$5:$O$558,N11)/SUMPRODUCT(--(TEXT('Daily Demand'!$A$5:$A$96,"ddd")=N11)) -> 5.5384615
F12: Affliction | G12: =COUNTIF('Sales Data'!$E$5:$E$558,F12) -> 11 | H12: =SUMIF('Sales Data'!$E$5:$E$558,F12,'Sales Data'!$J$5:$J$558) -> 157.23
F13: Harley Davidson | G13: =COUNTIF('Sales Data'!$E$5:$E$558,F13) -> 10 | H13: =SUMIF('Sales Data'!$E$5:$E$558,F13,'Sales Data'!$J$5:$J$558) -> 151.9
F14: Adidas | G14: =COUNTIF('Sales Data'!$E$5:$E$558,F14) -> 11 | H14: =SUMIF('Sales Data'!$E$5:$E$558,F14,'Sales Data'!$J$5:$J$558) -> 148.15
A18: Velocity & financials | B18: Value | C18: Note
A19: Items sold | B19: =COUNTA('Sales Data'!$D$5:$D$558) -> 554
A20: Orders | B20: =COUNTIF('Sales Data'!$I$5:$I$558,"Yes") -> 523 | C20: bundles counted once
A21: Item sales ($) | B21: =SUM('Sales Data'!$J$5:$J$558) -> 7038.06 | C21: before fees & refunds
A22: Avg item price ($) | B22: =B21/B19 -> 12.704079
A23: Payments fees ($) | B23: =SUM('Sales Data'!$K$5:$K$558) -> 565.88
A24: Boost fees ($) | B24: =SUM('Sales Data'!$L$5:$L$558) -> 388.35
A25: Refunds to buyers ($) | B25: =SUM('Sales Data'!$M$5:$M$558) -> 541.79
A26: Fees refunded to seller ($) | B26: =SUM('Sales Data'!$N$5:$N$558) -> 217.95
A27: Est. net item proceeds ($) | B27: =B21-B23-B24-B25+B26 -> 5759.99
A28: Est. inventory cost ($) | B28: =B19*'Inputs & Policy'!B15 -> 1481.1032 | C28: items x landed cost
A29: Est. gross profit ($) | B29: =B27-B28 -> 4278.8868 | C29: excl. labor, packaging
A30: Est. gross margin | B30: =B29/B21 -> 0.60796395 | C30: on item sales
A31: Median days to sell | B31: =MEDIAN('Sales Data'!$C$5:$C$558) -> 4
A32: Share sold within 7 days | B32: =COUNTIF('Sales Data'!$C$5:$C$558,"<=7")/B19 -> 0.63537906
A33: Share aged over 30 days | B33: =COUNTIF('Sales Data'!$C$5:$C$558,">30")/B19 -> 0.097472924
A34: Peak units in one day | B34: =MAX('Daily Demand'!B5:B96) -> 14

Sheet Sales Data
A1: Sales Data
A2: One row per item sold. Cleaned from the Depop export; buyer names, usernames, addresses and payout IDs removed.
A4: Sale date | B4: Listing date | C4: Days to sell | D4: Category | E4: Brand | F4: Size | G4: State | H4: Bundle | I4: New order? | J4: Item price ($) | K4: Payments fee ($) | L4: Boost fee ($) | M4: Refund to buyer ($) | N4: Fees refunded ($) | O4: Weekday
A5: 46091 | B5: 46084 | C5: =A5-B5 -> 7 | D5: Coats and jackets | E5: Other | F5: XL | G5: WA | H5: No | I5: Yes | J5: 16 | K5: 1.39 | L5: 0 | M5: 0 | N5: 0 | O5: =TEXT(A5,"ddd") -> Tue
A6: 46091 | B6: 46035 | C6: =A6-B6 -> 56 | D6: Tops | E6: Gildan | F6: L | G6: HI | H6: No | I6: Yes | J6: 12 | K6: 1.21 | L6: 0.96 | M6: 0 | N6: 0 | O6: =TEXT(A6,"ddd") -> Tue
A7: 46091 | B7: 46083 | C7: =A7-B7 -> 8 | D7: Tops | E7: Other | F7: S | G7: CA | H7: No | I7: Yes | J7: 7 | K7: 1.03 | L7: 0 | M7: 0 | N7: 0 | O7: =TEXT(A7,"ddd") -> Tue
A8: 46091 | B8: 46089 | C8: =A8-B8 -> 2 | D8: Tops | E8: Coca-Cola | F8: S | G8: FL | H8: No | I8: Yes | J8: 10.8 | K8: 1.06 | L8: 0 | M8: 0 | N8: 0 | O8: =TEXT(A8,"ddd") -> Tue
A9: 46092 | B9: 46066 | C9: =A9-B9 -> 26 | D9: Tops | E9: Other | F9: L | G9: NM | H9: No | I9: Yes | J9: 8.1 | K9: 0.97 | L9: 0 | M9: 0 | N9: 0 | O9: =TEXT(A9,"ddd") -> Wed
A10: 46092 | B10: 46042 | C10: =A10-B10 -> 50 | D10: Tops | E10: Nike | F10: XL | G10: NJ | H10: No | I10: Yes | J10: 8 | K10: 0.78 | L10: 0.64 | M10: 0 | N10: 0 | O10: =TEXT(A10,"ddd") -> Wed
A11: 46092 | B11: 46058 | C11: =A11-B11 -> 34 | D11: Tops | E11: American Vintage | F11: L | G11: IA | H11: Yes | I11: Yes | J11: 12.15 | K11: 1.69 | L11: 0 | M11: 0 | N11: 0 | O11: =TEXT(A11,"ddd") -> Wed
A12: 46092 | B12: 46091 | C12: =A12-B12 -> 1 | D12: Tops | E12: Other | F12: L | G12: IA | H12: Yes | I12: No | J12: 13.5 | K12: 0 | L12: 0 | M12: 0 | N12: 0 | O12: =TEXT(A12,"ddd") -> Wed
A13: 46092 | B13: 46090 | C13: =A13-B13 -> 2 | D13: Tops | E13: Other | F13: M | G13: GA | H13: No | I13: Yes | J13: 13.5 | K13: 1.16 | L13: 0 | M13: 0 | N13: 0 | O13: =TEXT(A13,"ddd") -> Wed
A14: 46092 | B14: 46091 | C14: =A14-B14 -> 1 | D14: Tops | E14: Other | F14: L | G14: CA | H14: No | I14: Yes | J14: 8 | K14: 0.95 | L14: 0.64 | M14: 0 | N14: 0 | O14: =TEXT(A14,"ddd") -> Wed
A15: 46092 | B15: 46082 | C15: =A15-B15 -> 10 | D15: Tops | E15: Peanuts | F15: XL | G15: NY | H15: No | I15: Yes | J15: 9 | K15: 0.83 | L15: 0 | M15: 0 | N15: 0 | O15: =TEXT(A15,"ddd") -> Wed
A16: 46092 | B16: 46091 | C16: =A16-B16 -> 1 | D16: Tops | E16: Nike | F16: XL | G16: NV | H16: No | I16: Yes | J16: 9.1 | K16: 0.99 | L16: 0 | M16: 0 | N16: 0 | O16: =TEXT(A16,"ddd") -> Wed
... A269: 46132 | B269: 46127 | C269: =A269-B269 -> 5 | D269: Tops | E269: Budweiser | F269: XL | G269: OR | H269: No | I269: Yes | J269: 10 | K269: 0.99 | L269: 0 | M269: 0 | N269: 0 | O269: =TEXT(A269,"ddd") -> Mon
A270: 46132 | B270: 46130 | C270: =A270-B270 -> 2 | D270: Accessories | E270: Marlboro | G270: MA | H270: No | I270: Yes | J270: 16 | K270: 1.28 | L270: 0 | M270: 0 | N270: 0 | O270: =TEXT(A270,"ddd") -> Mon
A271: 46132 | B271: 46131 | C271: =A271-B271 -> 1 | D271: Bottoms | E271: Other | F271: 32" | G271: CA | H271: No | I271: Yes | J271: 20 | K271: 1.51 | L271: 2.4 | M271: 0 | N271: 0 | O271: =TEXT(A271,"ddd") -> Mon
A272: 46133 | B272: 46122 | C272: =A272-B272 -> 11 | D272: Coats and jackets | E272: Adidas | F272: L | G272: California | H272: No | I272: Yes | J272: 14.4 | K272: 0.98 | L272: 0 | M272: 0 | N272: 0 | O272: =TEXT(A272,"ddd") -> Tue
A273: 46133 | B273: 46124 | C273: =A273-B273 -> 9 | D273: Tops | E273: Other | F273: L | G273: California | H273: No | I273: Yes | J273: 10.5 | K273: 1.17 | L273: 1.26 | M273: 0 | N273: 0 | O273: =TEXT(A273,"ddd") -> Tue
A274: 46133 | B274: 46131 | C274: =A274-B274 -> 2 | D274: Tops | E274: Other | F274: M | G274: TN | H274: No | I274: Yes | J274: 11.5 | K274: 1.11 | L274: 1.38 | M274: 0 | N274: 0 | O274: =TEXT(A274,"ddd") -> Tue
A275: 46133 | B275: 46119 | C275: =A275-B275 -> 14 | D275: Bottoms | E275: Billabong | F275: 34" | G275: KS | H275: No | I275: Yes | J275: 19 | K275: 1.35 | L275: 2.28 | M275: 0 | N275: 0 | O275: =TEXT(A275,"ddd") -> Tue
A276: 46133 | B276: 46131 | C276: =A276-B276 -> 2 | D276: Tops | E276: Nike | F276: XL | G276: NV | H276: No | I276: Yes | J276: 15 | K276: 1.2 | L276: 0 | M276: 0 | N276: 0 | O276: =TEXT(A276,"ddd") -> Tue
A277: 46133 | B277: 46131 | C277: =A277-B277 -> 2 | D277: Bottoms | E277: Nike | F277: M | G277: KY | H277: No | I277: Yes | J277: 9 | K277: 1.12 | L277: 0 | M277: 0 | N277: 0 | O277: =TEXT(A277,"ddd") -> Tue
A278: 46133 | B278: 46124 | C278: =A278-B278 -> 9 | D278: Tops | E278: Aeropostale | F278: L | G278: CA | H278: No | I278: Yes | J278: 6 | K278: 0.88 | L278: 0 | M278: 0 | N278: 0 | O278: =TEXT(A278,"ddd") -> Tue
A279: 46133 | B279: 46109 | C279: =A279-B279 -> 24 | D279: Tops | E279: Other | F279: XL | G279: GA | H279: No | I279: Yes | J279: 7 | K279: 0.94 | L279: 0.84 | M279: 15.83 | N279: 10.61 | O279: =TEXT(A279,"ddd") -> Tue
A280: 46134 | B280: 46125 | C280: =A280-B280 -> 9 | D280: Tops | E280: AAA | F280: L | G280: Illinois | H280: No | I280: Yes | J280: 15 | K280: 1.24 | L280: 1.8 | M280: 0 | N280: 0 | O280: =TEXT(A280,"ddd") -> Wed
A281: 46134 | B281: 46132 | C281: =A281-B281 -> 2 | D281: Tops | E281: NFL | F281: M | G281: DE | H281: No | I281: Yes | J281: 12 | K281: 1.06 | L281: 0 | M281: 0 | N281: 0 | O281: =TEXT(A281,"ddd") -> Wed
A282: 46134 | B282: 46126 | C282: =A282-B282 -> 8 | D282: Tops | E282: Nike | F282: L | G282: OR | H282: Yes | I282: Yes | J282: 14.4 | K282: 1.74 | L282: 0 | M282: 0 | N282: 0 | O282: =TEXT(A282,"ddd") -> Wed
... A558: 46182 | B558: 46181 | C558: =A558-B558 -> 1 | D558: Tops | E558: Alpinestars | F558: M | G558: OH | H558: No | I558: Yes | J558: 15 | K558: 0.98 | L558: 1.8 | M558: 0 | N558: 0 | O558: =TEXT(A558,"ddd") -> Tue

Sheet Methodology
A1: Methodology & Data Notes
A4: Data source | B4: Depop sales export, Mar 10 - Jun 9, 2026 (92 calendar days, 554 item rows). Buyer usernames, names, addresses, ZIP codes and payout IDs were removed.
A5: Unit of analysis | B5: Each row is one item. Bundles appear as one row per item; "New order?" flags the first row of each bundle, giving 523 orders.
A6: Shipping | B6: Buyers paid shipping on Depop-issued labels, so shipping is excluded from item sales and seller costs.
A7: Landed cost | B7: Owner-reported typical lot: $250 + $7.99 freight for 100 pieces with 3-4 QC rejects. Not reconciled against individual receipts.
A8: Demand model | B8: Daily demand treated as independent and approximately normal; mean and SD from the 92-day history including zero-sale days.
A9: Reorder point | B9: Recommended ROP uses the variable-lead-time formula: ROP = d x L + z x sqrt(L x sd_d^2 + d^2 x sd_L^2), with lead time uniform on 7-14 days. A conservative fixed 14-day version is shown for comparison.
A10: Forecast test | B10: One-step-ahead backtest from day 8 onward: prior 7-day average vs. naive (yesterday). Compared on mean absolute error.
A11: Limitations | B11: No opening inventory or SKU-level stock ledger in the export, so turnover and stockout history cannot be measured directly. Results are models, not verified savings.
